 Dungeon Crawl Stone Soup version 0.14-a0-1192-g192f278 (webtiles) character file.

392 PolkaDot the Ruinous (level 5, -1/35 HPs)
             Began as a Vampire Conjurer on Nov 30, 2013.
             Slain by a black bear (8 damage)
             ... on Level 4 of the Dungeon.
             The game lasted 00:09:11 (3624 turns).

PolkaDot the Ruinous (Vampire Conjurer)             Turns: 3624, Time: 00:09:11

HP  -1/35        AC  3     Str 10      XL: 5   Next: 58%
MP   1/9         EV 12     Int 18      God:
Gold 180         SH  0     Dex 15      Spells:  2 memorised,  3 levels left

rFire  . . .     SeeInvis +     y - +2,+0 elf spear
rCold  . . .     Clarity  .     a - +0 robe
rNeg   . . .     Conserve .     (no shield)
rPois  .         rCorr    .     (no helmet)
rElec  .         rRot     .     q - +0 elf cloak
SustAb . .       Spirit   .     (no gloves)
rMut   .         Warding  .     (no boots)
Saprov . . .     Stasis   .     (no amulet)
                                h - +1 ring of dexterity
                                s - +3 ring of strength

@: regenerating quickly, invisible, very slightly contaminated, slightly
resistant to hostile enchantments, stealthy
A: fangs 3, see invisible, unbreathing
a: no special abilities


You were on level 4 of the Dungeon.
You were full.

You visited 1 branch of the dungeon, and saw 4 of its levels.

You collected 180 gold pieces.

Inventory:

Hand weapons
 y - a +2,+0 elven spear (weapon)
Armour
 a - a +0 robe (worn)
 q - a +0 elven cloak (worn)
Magical devices
 f - a wand of teleportation (8)
Scrolls
 d - a scroll of curse armour {unknown}
 e - a scroll of recharging
 g - a scroll of teleportation {unknown}
 i - a scroll of fear {unknown}
 j - a scroll of remove curse
 k - a scroll of enchant weapon I {unknown}
 l - 3 scrolls of identify {unknown}
 r - a scroll of amnesia {unknown}
 x - a scroll of magic mapping {unknown}
Jewellery
 b - an uncursed ring of ice
 h - a +1 ring of dexterity (right hand)
 n - an uncursed ring of teleportation
 s - a +3 ring of strength (left hand)
Potions
 m - 2 potions of resistance {unknown}
 o - 2 potions of flight {unknown}
 t - a potion of might {unknown}
 v - 2 potions of paralysis {unknown}
 w - a potion of berserk rage
 z - 2 potions of brilliance
Books
 c - a book of Conjurations

   Spells                             Type                      Level
   *Magic Dart                        Conjuration                  1
   *Searing Ray                       Conjuration                  2
   Dazzling Spray                     Conjuration/Hexes            3
   Iskenderun's Mystic Blast          Conjuration                  4
   Iskenderun's Battlesphere          Conjuration/Charms           4
   Fulminant Prism                    Conjuration/Hexes            5


   Skills:
 - Level 2.1 Dodging
 - Level 3.0 Stealth
 - Level 1.0 Spellcasting
 * Level 5.2 Conjurations


You had 3 spell levels left.
You knew the following spells:

 Your Spells              Type           Power        Failure   Level  Hunger
a - Magic Dart            Conj           ###.         1%          1    ##.....
s - Searing Ray           Conj           ###...       3%          2    ###....


Dungeon Overview and Level Annotations

Branches:
Dungeon (4/16)
 Temple: D:4-7

Altars:
Makhleb
Okawaru
Trog


Innate Abilities, Weirdness & Mutations

Your natural rate of healing is unusually fast.
You have razor-sharp teeth.*
You have supernaturally acute eyesight.
You can survive without breathing.*


Message History

The black bear claws you but does no damage.
The black bear closely misses you.
The searing ray hits the black bear.
The black bear is almost dead.
The black bear bites you but does no damage.
The black bear claws you. The black bear closely misses you.
The searing ray misses the black bear.
* * * LOW MAGIC WARNING * * *
The black bear goes berserk!
Drink which item? (? for menu, Esc to quit)
You fade into invisibility!
The black bear closely misses you. The black bear claws you.
* * * LOW HITPOINT WARNING * * *
The black bear closely misses you. The black bear claws you.
* * * LOW HITPOINT WARNING * * *
The black bear barely misses you.
You are very lightly contaminated with residual magic.
The black bear bites you!
You die...

........# ##'##
#.##.#
####.############.#
#.##.#
#...........##.#
#.##.##
#######........##
#......
#.###.#...##
####.## #.#
#......#### #.# #.#
#.........# #.# #.#
###..####.#######.#
#.#####@.#
#.........#
#.......U#
###########
########.# #%# #.#
#.# #.# ####.######
####.........#


You could see a black bear (berserk).

Vanquished Creatures
  A troll skeleton (D:3)
  A hound (D:3)
  An iguana (D:4)
  Ijyb (D:2)
  Jessica (D:2)
  2 adders
  A gnoll (D:1)
  2 giant geckos
  2 orcs
  8 bats
  3 giant cockroaches
  5 hobgoblins
  5 jackals
  A quokka (D:3)
  A ball python (D:3)
  10 goblins
  6 kobolds
  8 rats
59 creatures vanquished.

Vanquished Creatures (others)
  4 toadstools (D:1)
4 creatures vanquished.

Grand Total: 63 creatures vanquished

Notes
Turn   | Place    | Note
--------------------------------------------------------------
     0 | D:1      | PolkaDot, the Vampire Conjurer, began the quest for the Orb.
     0 | D:1      | Reached XP level 1. HP: 13/13 MP: 4/4
   305 | D:1      | Found an iron altar of Okawaru.
   414 | D:1      | Reached XP level 2. HP: 19/19 MP: 0/5
   472 | D:1      | Learned a level 2 spell: Searing Ray
  1039 | D:1      | Reached XP level 3. HP: 24/24 MP: 1/6
  1663 | D:2      | Reached skill level 4 in Conjurations
  1711 | D:2      | Noticed Jessica
  1714 | D:2      | Killed Jessica
  1913 | D:2      | Noticed Ijyb
  2044 | D:2      | Killed Ijyb
  2044 | D:2      | Reached XP level 4. HP: 30/30 MP: 4/8
  2326 | D:3      | Found an iron altar of Okawaru.
  2326 | D:3      | Found a bloodstained altar of Trog.
  2548 | D:3      | Reached XP level 5. HP: 25/35 MP: 4/9
  2867 | D:3      | Found a burning altar of Makhleb.
  2921 | D:3      | Reached skill level 5 in Conjurations
  3602 | D:4      | Noticed a black bear
  3624 | D:4      | Slain by a black bear

Action                   |  1- 3 |  4- 6 || total
-------------------------+-------+-------++-------
Melee: Unarmed           |    17 |     6 ||    23
       Dagger            |       |    73 ||    73
 Cast: Magic Dart        |    58 |     7 ||    65
       Searing Ray       |     5 |     7 ||    12
  Use: Potion            |     8 |     1 ||     9
       Scroll            |       |     2 ||     2
 Stab: Invisible         |     1 |       ||     1
       Sleeping          |       |     4 ||     4
